 Dungeon Crawl Stone Soup version 0.31.0-9-g3a7656b989 (webtiles) character file.

Game seed: 14290747352838980304

416 qw the Skirmisher (level 6, -2/35 HPs)
             Began as a Deep Elf Hunter on Feb 2, 2024.
             Succumbed to a gnoll's curare-tipped dart
             ... on level 4 of the Dungeon.
             The game lasted 00:00:12 (2704 turns).

qw the Skirmisher (Deep Elf Hunter)                 Turns: 2704, Time: 00:00:13

Health: -2/35      AC:  6    Str: 10    XL:     6   Next: 60%
Magic:  8/8        EV: 11    Int: 14    God:
Gold:   215        SH:  5    Dex: 18    Spells: 5/5 levels left

rFire   . . .        a - +0 shortbow (freeze)
rCold   . . .        (shield currently unavailable)
rNeg    . . .        d - +0 ring mail
rPois   .            (no helmet)
rElec   .            (no cloak)
rCorr   .            f - +0 pair of gloves
SInv    .            (no boots)
Will    .....        e - amulet of reflection
Stlth   +            (no ring)
HPRegen 0.25/turn    (no ring)
MPRegen 0.11/turn

%: reflection
@: lethally poisoned (-2 -> -9), slowed, very slow
A: no striking features
a: no special abilities


You were on level 4 of the Dungeon.
You visited 1 branch of the dungeon, and saw 4 of its levels.

You collected 215 gold pieces.


   Skills:
 - Level 2.0 Fighting
 - Level 10.0 Ranged Weapons
 + Level 0.4 Armour
 - Level 3.0 Dodging
 - Level 1.2 Stealth


You had 5 spell levels left.
You didn't know any spells.
Your spell library was empty.

Inventory:

Hand Weapons
 a - a +0 shortbow of freezing (weapon)
Armour
 d - a +0 ring mail (worn)
 f - a +0 pair of gloves (worn)
Jewellery
 b - an amulet of regeneration
 c - a ring of magical power
 e - an amulet of reflection (around neck)
Scrolls
 h - a scroll of enchant weapon {unknown}
 l - a scroll of identify
Potions
 g - a potion of ambrosia {unknown}
 i - a potion of enlightenment
 j - 2 potions of berserk rage {unknown}
 k - a potion of mutation {unknown}

Dungeon Overview and Level Annotations

Branches:
Dungeon (4/15)
 Temple: D:4-7

Altars:
Trog
Wu Jian


Message History

You kill the jackal!
You see here a jackal corpse.
There is a large open door here.
There is a large open door here.
You see here a dart slug corpse.
You see here a +0 club.
There is a large open door here.
You see here 2 potions of attraction.
There is an open door, spattered with blood here.
Items here: %% )).
A gnoll is nearby!
You shoot an arrow. The gnoll shouts!
The arrow hits the gnoll!
The arrow freezes the gnoll.
The gnoll is severely wounded.
You shoot an arrow. The arrow barely misses the gnoll.
The gnoll throws a curare-tipped dart.
The curare-tipped dart hits you.
You are poisoned.
You have difficulty breathing.
You feel yourself slow down.
You shoot an arrow. The arrow completely misses the gnoll.
You feel very sick.
The gnoll throws a curare-tipped dart.
The curare-tipped dart hits you.
You are lethally poisoned!
You have difficulty breathing.
You feel as though you will be slow longer.
You shoot an arrow.
The arrow hits the gnoll but does no damage.
The gnoll is severely wounded.
You feel extremely sick.
The gnoll throws a curare-tipped dart.
The curare-tipped dart barely misses you.
You shoot an arrow. The arrow hits the gnoll!
The arrow freezes the gnoll.
You kill the gnoll!
You feel extremely sick.
There is a lethal amount of poison in your body!
You feel very sick.
There is a lethal amount of poison in your body!
You feel very sick.
There is a lethal amount of poison in your body!
You die...

...#....'<.#.#.##.#.#.# #.# ##
...#....#.)#.#....#.#.## #.###~
...#....#..#.'####'.#..# #.##~~
...#....#..#........#..# #.#~~.
...'....##.'########)..# #.#~..
...#....##...........%.# #.#~..
...#....##....#..####).# #.'...
'###..<......##.#####.######.'...
.............##.@.#..........#~..
####'####.....)...#.....######~..
####.####.........#.....# #~~.
##.....##.........#.....# ##~~
##.....###...##..##.....########~
##.._..###...##..######......(.##
##.....##...<%....>. #..[.....##
##.¤~~.##........... #........#.
##¤¤¤~¤##.[......... #........'.


There were no monsters in sight!

Vanquished Creatures
  An ogre (D:3)
  A howler monkey (D:4)
  A hound (D:4)
  An orc priest (D:3)
  An orc wizard (D:3)
  6 adders
  4 gnolls (D:4)
  4 dart slugs
  12 orcs
  5 ball pythons
  6 bats
  7 endoplasms
  4 giant cockroaches
  4 goblins
  7 hobgoblins
  8 jackals
  4 quokkas
  4 frilled lizards
  10 kobolds
  4 rats (D:3)
94 creatures vanquished.

Notes
Turn   | Place    | Note
-------+----------+-------------------------------------------
     0 | D:1      | qw the Deep Elf Hunter began the quest for the Orb.
     0 | D:1      | Reached XP level 1. HP: 12/12 MP: 3/3
     0 | D:1      | 0 ||| qw: Version: 0.3-a-155-g5e7d8dd
     0 | D:1      | 0 ||| qw: Game counter: 2577
     0 | D:1      | 0 ||| qw: Melee chars always use a shield: true
     0 | D:1      | 0 ||| qw: God list: Okawaru
     0 | D:1      | 0 ||| qw: Allow faded altars: false
     0 | D:1      | 0 ||| qw: Do Orc after clearing Dungeon:15 true
     0 | D:1      | 0 ||| qw: Do second Lair branch before Depths: true
     0 | D:1      | 0 ||| qw: Lair rune preference: random
     0 | D:1      | 0 ||| qw: Goals: Normal
     0 | D:1      | 0 ||| PLANNING D:1-11
    87 | D:1      | Reached XP level 2. HP: 16/16 MP: 4/4
    95 | D:1      | Reached skill level 6 in Ranged Weapons
   379 | D:1      | Reached XP level 3. HP: 20/20 MP: 5/5
   546 | D:1      | 546 ||| DROPPING scarf of invisibility.
   547 | D:1      | 547 ||| UPGRADING to amulet of reflection.
   552 | D:1      | 552 ||| READING scroll labelled RYUTUTA JATHYI.
   553 | D:1      | 553 ||| DRINKING 2 bubbling clear potions.
   554 | D:1      | 554 ||| DRINKING 2 fizzy silvery potions.
   555 | D:1      | 555 ||| DROPPING scroll of butterflies.
   556 | D:1      | 556 ||| DROPPING potion of magic.
   557 | D:1      | 557 ||| DROPPING potion of attraction.
   617 | D:2      | Reached skill level 7 in Ranged Weapons
   923 | D:2      | Reached XP level 4. HP: 25/25 MP: 6/6
  1096 | D:2      | 1096 ||| UPGRADING to +0 scale mail.
  1106 | D:2      | 1106 ||| DROPPING +0 leather armour.
  1107 | D:2      | 1107 ||| READING 2 scrolls labelled XOKKOH BIUHIR.
  1107 | D:2      | 1107 ||| IDENTIFYING orange potion
  1108 | D:2      | 1108 ||| READING scroll of identify.
  1108 | D:2      | 1108 ||| IDENTIFYING viscous silvery potion
  1109 | D:2      | 1109 ||| READING scroll labelled KOBLIL NUAF.
  1109 | D:2      | 1109 ||| BRANDING +0 shortbow.
  1110 | D:2      | 1110 ||| READING scroll labelled JUSHAQ LUSUESSU.
  1114 | D:2      | 1114 ||| READING scroll labelled ZEW XEOFAODWI.
  1115 | D:2      | 1115 ||| DROPPING potion of brilliance.
  1116 | D:2      | 1116 ||| DROPPING potion of lignification.
  1389 | D:3      | Reached skill level 8 in Ranged Weapons
  1506 | D:3      | 1506 ||| DRINKING green potion.
  1517 | D:3      | Reached XP level 5. HP: 29/29 MP: 7/7
  1809 | D:3      | Found a faded altar of an unknown god.
  1814 | D:3      | Found a bloodstained altar of Trog.
  2202 | D:3      | 2202 ||| UPGRADING to +0 ring mail.
  2212 | D:3      | 2212 ||| UPGRADING to +0 pair of gloves.
  2217 | D:3      | 2217 ||| DROPPING +0 scale mail.
  2218 | D:3      | 2218 ||| READING scroll labelled LAAQUTHRUAMP.
  2244 | D:4      | Noticed an ogre
  2246 | D:4      | 2246 ||| STAIRDANCE
  2252 | D:3      | Killed an ogre
  2253 | D:3      | Reached skill level 9 in Ranged Weapons
  2268 | D:4      | Reached XP level 6. HP: 35/35 MP: 8/8
  2296 | D:4      | Found an ornate altar of the Wu Jian Council.
  2374 | D:4      | 2374 ||| RETREEEEATING.
  2379 | D:4      | 2379 ||| RETREEEEATING.
  2396 | D:4      | HP: 8/35 [howler monkey (5)]
  2397 | D:4      | 2397 ||| READING scroll of teleportation.
  2401 | D:4      | Reached skill level 10 in Ranged Weapons
  2569 | D:4      | Reached skill level 3 in Dodging
  2701 | D:4      | HP: 7/35 [poisoned by a gnoll (curare-tipped dart)]
  2702 | D:4      | HP: 3/35 [poisoned by a gnoll (curare-tipped dart)]
  2703 | D:4      | HP: 1/35 [poisoned by a gnoll (curare-tipped dart)]
  2704 | D:4      | Succumbed to a gnoll's curare-tipped dart

Levels and vault maps discovered:
D:1:      ebering_hopf_link, layout_loops_cross
D:2:      layout_rooms
D:3:      layout_basic, nicolae_overflow_ecumenical_swirl
D:4:      layout_gridville, nicolae_wu_jian_glorious_leap,
          kennysheep_big_empty_room, minivault_11

Skill      XL: |  1  2  3  4  5  6 |
---------------+-------------------+-----
Ranged Weapons | 6 7 8 9 10 | 10.0
Fighting       | 2 |  2.0
Dodging        | 3 |  3.0
Armour         | |  0.4
Stealth        | |  1.2

Action                     |  1- 3 |  4- 6 || total
---------------------------+-------+-------++-------
   Fire: Shortbow          |   119 |   179 ||   298
    Use: Potion            |     2 |     1 ||     3
         Scroll            |     1 |     7 ||     8
 Armour: Leather armour    |    20 |     2 ||    22
         Scale mail        |       |    37 ||    37
         Ring mail         |       |    17 ||    17
  Dodge: Dodged            |    20 |    51 ||    71
  Block: Other             |     5 |    23 ||    28
         Reflection        |     1 |       ||     1

Table legend:
 A = Non-vault XP
 B = Vault XP
 C = Vault XP percentage of total XP
 D = Non-vault monster count
 E = Vault monster count
 F = Vault count percentage of total count
                 A         B        C        D         E       F
            +---------+---------+-------+---------+---------+-------
      Total |     595 |       0 |   0.0 |      94 |       0 |   0.0
            +---------+---------+-------+---------+---------+-------
        D:1 |      53 |       0 |   0.0 |      28 |       0 |   0.0
        D:2 |      49 |       0 |   0.0 |      15 |       0 |   0.0
        D:3 |     273 |       0 |   0.0 |      31 |       0 |   0.0
        D:4 |     220 |       0 |   0.0 |      20 |       0 |   0.0
            +---------+---------+-------+---------+---------+-------
